 Dungeon Crawl Stone Soup version 0.20.0-8-g6b59dc7 (webtiles) character file.

34272 Lavandula the Cleaver (level 13, -3/106 HPs)
             Began as a Deep Dwarf Hunter on June 1, 2017.
             Was the Champion of Makhleb.
             Killed by divine providence
             ... invoked by a meliai
              (12 damage)
             ... on level 14 of the Dungeon.
             The game lasted 01:07:33 (14441 turns).

Lavandula the Cleaver (Deep Dwarf Hunter)          Turns: 14441, Time: 01:07:34

Health: -3/106     AC: 14    Str: 27 (28) XL:     13   Next: 41%
Magic:  24/24      EV: 19    Int: 19 (20) God:    Makhleb [******]
Gold:   1654       SH:  4    Dex: 21      Spells: 12/12 levels left

rFire    . . .     SeeInvis +   o - +1 hand axe (vamp)
rCold    . . .     Gourm    .   (no shield)
rNeg     + + +     Faith    .   C - +1 ring mail of Winter {MP+9 Str+5 SInv}
rPois    +         Spirit   .   (helmet restricted)
rElec    .         Reflect  +   (no cloak)
rCorr    .         Harm     .   E - +2 pair of gloves {Str+3}
MR       .....                  (no boots)
Stlth    ++........             D - +4 amulet of reflection
Regen    0.0/turn               O - ring "Opras" {+Fly rPois MR- AC+3 SInv Stlth+}
MPRegen  0.2/turn               R - ring of Eternal Harmony {rN+++ Str+3 Int+6 SInv}

@: non-regenerating, hasted, very quick
A: damage resistance, heal wounds, antennae 1, fangs 1, agile 2, clever 1,
deterioration 1, frail 1, sense surroundings 2, poison resistance, screaming 1,
no regeneration
a: Heal Wounds, Minor Destruction, Lesser Servant of Makhleb, Major Destruction,
Greater Servant of Makhleb, Renounce Religion, Evoke Flight


You were on level 14 of the Dungeon.
You worshipped Makhleb.
Makhleb was exalted by your worship.
You were not hungry.

You visited 2 branches of the dungeon, and saw 15 of its levels.
You also visited: Sewer and Bailey.

You collected 1784 gold pieces.
You spent 130 gold pieces at shops.

Inventory:

Hand Weapons
 a - a +1 hand crossbow
 o - a +1 vampiric hand axe (weapon)
 Z - a +0 war axe of electrocution
Missiles
 d - 132 bolts
 h - 4 javelins of penetration
 S - 17 tomahawks of returning (quivered)
Armour
 C - the +1 ring mail of Winter (worn) {MP+9 Str+5 SInv}
   (You found it on level 5 of the Dungeon)

   It affects your strength (+5).
   It affects your magic capacity (+9).
   It lets you see invisible.
 E - a +2 pair of gloves of strength (worn)
 J - the +2 helmet "Pauvino" {rCorr Str+10 Int-3 Dex-3, unknown}
   (You found it on level 13 of the Dungeon)

   It affects your strength (+10).
   It affects your intelligence (-3).
   It affects your dexterity (-3).
   It protects you from acid and corrosion.
 T - a +0 plate armour
Jewellery
 x - an uncursed ring of wizardry
 D - a +4 amulet of reflection (around neck)
 N - an uncursed ring of resist corrosion
 O - the ring "Opras" (left hand) {+Fly rPois MR- AC+3 SInv Stlth+}
   (You found it on level 7 of the Dungeon)

   [ring of protection]

   It affects your AC (+3).
   It protects you from poison.
   It affects your resistance to hostile enchantments.
   It lets you see invisible.
   It lets you fly.
   It makes you more stealthy.
 P - the amulet of Sloth {Gourm Str+2}
   (You found it on level 7 of the Dungeon)

   [amulet of the gourmand]

   It allows you to eat raw meat even when not hungry.
   It affects your strength (+2).
 Q - the ring "Yvviv" {Ice *Drain rElec rN++ Slay-3}
   (You found it on level 7 of the Dungeon)

   [ring of ice]

   It enhances your ice magic.
   It affects your accuracy and damage with ranged weapons and melee attacks
   (-3).
   It makes you vulnerable to fire.
   It protects you from cold.
   It insulates you from electricity.
   It greatly protects you from negative energy.
   It causes draining when unequipped.
 R - the ring of Eternal Harmony (right hand) {rN+++ Str+3 Int+6 SInv}
   (You found it on level 7 of the Dungeon)

   [ring of see invisible]

   It affects your strength (+3).
   It affects your intelligence (+6).
   It renders you almost immune to negative energy.
   It lets you see invisible.
Wands
 q - a wand of digging (10/24)
 H - a wand of flame (8/48)
Scrolls
 b - a scroll of silence {unknown}
 e - a scroll of blinking {unknown}
 g - 6 scrolls of remove curse
 n - 2 scrolls of enchant armour
 v - 5 scrolls of recharging
 B - 2 scrolls of magic mapping
 F - a scroll of random uselessness
 K - a scroll of immolation
 U - a scroll of torment {unknown}
 V - a scroll of enchant weapon
 W - 4 scrolls of teleportation
 X - a scroll of fear
Potions
 c - a potion of resistance
 j - 5 potions of flight
 k - 2 potions of degeneration
 m - a potion of invisibility {unknown}
 p - 3 potions of magic
 r - 4 potions of lignification
 s - 11 potions of curing
 t - a potion of ambrosia
 u - 2 potions of berserk rage {unknown}
 z - a potion of haste
 G - a potion of agility
 I - a potion of cancellation {unknown}
 L - 2 potions of might
 M - 2 potions of brilliance
 Y - a potion of mutation {unknown}
Miscellaneous
 y - a phial of floods
Comestibles
 f - 6 bread rations
 l - 3 chunks of flesh
 w - 3 meat rations
 A - 20 fruits


   Skills:
 + Level 8.6 Fighting
 - Level 14.3 Axes
 - Level 9.2 Crossbows
 - Level 5.0 Throwing
 - Level 10.0 Armour
 - Level 9.4 Dodging
 - Level 1.2 Stealth
 - Level 5.1 Invocations
 - Level 6.1 Evocations


You had 12 spell levels left.
You didn't know any spells.

Dungeon Overview and Level Annotations

Branches:
Dungeon (14/15)            Temple (1/1) D:5            Lair (0/6) D:11
    Orc (0/2) D:10         Vaults (0/5) D:13

Altars:
Ashenzari
Cheibriados
Dithmenos
Elyvilon
Fedhas
Gozag
Hepliaklqana
Kikubaaqudgha
Makhleb
Nemelex Xobeh
Okawaru
Qazlal
Ru
Sif Muna
Trog
Uskayaw
Vehumet
Xom
Yredelemnul
Zin
The Shining One

Shops:
D:13 !

Portals:
Trove: D:12 (give 6 scrolls of blinking)

Annotations:
D:9 ghost!, exclusion: door, Gastronok; dricus's ghost, novice TrMo
D:10 exclusion: downstairs
D:11 exclusion: downstairs
D:13 exclusions: downstairs and 2 skeletal warriors


Innate Abilities, Weirdness & Mutations

You are resistant to damage.
You can heal yourself by infusing magical energy.
You passively map the area around you.
You do not regenerate.
You have a pair of small antennae on your head.
You have very sharp teeth.
You are very agile. (Dex +4)
Your mind is acute. (Int +2)
Your body sometimes deteriorates upon taking damage.
You are frail. (-10% HP)
Your system is resistant to poisons. (rPois)
You occasionally shout uncontrollably at your foes.


Message History

You completely miss the meliai. Your bite misses the meliai.
The meliai is moderately wounded.
You slash the meliai! The meliai hits you with a hand axe.
* * * LOW HITPOINT WARNING * * *
The meliai closely misses you. The meliai misses you.
The meliai closely misses you.
You slash the meliai!
The meliai is severely wounded.
You hit the meliai.
You feel better.
Okay, then.
You fail to use your ability.
The meliai hits you with a hand axe.
* * * LOW HITPOINT WARNING * * *
You block the meliai's attack. The meliai closely misses you.
The meliai completely misses you.
The meliai mumbles some strange prayers to its god against you.
Something smites you!
* * * LOW HITPOINT WARNING * * *
The meliai mumbles some strange prayers to its god against you.
Something smites you!
You die...

,........#.....#...........#.##
*
........#.....#...........'...
,........#.....#...##.##...#...
*
#####...#..##.##+###.##...#...
** #...#..##.#...........#..# ,
....#..##.#...........#..# ,
#..##.#...........#... ,,
,,#..##.#...........#... * *
#....@####+########... ,, ,,,
........yy...... , .... ,
,,......###y..#..., .... , * ,
......* *...# , * ,,, .....
...#, , * , ,, ..$.. ,,..... ,
* #### ** ######* * * **


You could see 3 meliai.

Vanquished Creatures
  A rakshasa (D:14)
  2 vault guards (D:13)
  3 catoblepae
  4 two-headed ogres
  Nergalle (D:11)
  2 wizards (D:13)
  4 unseen horrors
  Pikel (D:9)
  A necromancer (D:13)
  A cyclops (D:13)
  A manticore (D:11)
  2 deep elf magi
  3 ugly things (D:11)
  4 centaur zombies
  Joseph (D:8)
  2 gargoyles (D:13)
  A yaktaur (D:13)
  A kobold demonologist (D:11)
  A freezing wraith (D:12)
  4 trolls
  A hippogriff (D:9)
  Prince Ribbit (D:8)
  A spriggan (D:7)
  Sigmund (D:5)
  3 shadows
  2 vampires
  18 humans (D:13)
  A water elemental (D:11)
  18 yaks
  5 vampire mosquitoes (D:12)
  3 hungry ghosts
  2 steam dragons (D:11)
  The ghost of Fv001 the Shield-Bearer, an amateur GrFi of Okawaru (D:3)
  3 porcupines (D:11)
  Duvessa (D:7)
  2 eyes of draining
  2 ice beasts
  A necrophage (D:10)
  4 phantoms
  A hornet zombie (D:8)
  13 orc warriors
  A black bear (D:10)
  8 sky beasts
  3 slaves (D:9)
  3 ogres
  8 centaurs
  2 crocodiles
  5 big kobolds
  8 bullfrogs
  Blork the orc (D:6)
  A gnoll sergeant (D:6)
  Dowan (D:7)
  4 scorpions
  2 troll zombies (D:10)
  A water moccasin skeleton (D:7)
  4 killer bees (D:11)
  13 wights
  2 howler monkeys
  2 electric eels (D:11)
  8 crimson imps
  2 hounds
  A bullfrog zombie (D:6)
  3 jellies
  2 centaur skeletons
  11 orc priests
  A bullfrog skeleton (D:5)
  17 orc wizards
  A gnoll shaman (D:7)
  6 worker ants
  Natasha (thrice) (D:2)
  3 iguanas
  6 ogre zombies (D:10)
  A hound zombie (D:8)
  A hound skeleton (D:8)
  Robin (D:2)
  2 worker ant zombies
  7 gnolls
  12 adders
  2 shadow imps
  2 oozes (Sewer)
  An adder skeleton (D:8)
  A worm (D:6)
  4 dart slugs
  8 leopard geckos
  60 orcs
  5 bats
  8 giant cockroaches
  8 hobgoblins
  5 jackals
  32 kobolds
  4 quokkas
  10 ball pythons
  9 frilled lizards
  21 goblins
  2 goblin skeletons (D:10)
  4 goblin zombies (D:10)
  2 hobgoblin skeletons (D:10)
  2 hobgoblin zombies (D:10)
  An orc skeleton (D:10)
  13 orc zombies (D:10)
  7 rats
  A fungus (D:11)
  A plant (D:11)
494 creatures vanquished.

Vanquished Creatures (others)
  A centaur (D:9)
  An orc (D:13)
  13 fungi (D:11)
  5 plants (D:11)
20 creatures vanquished.

Grand Total: 514 creatures vanquished

Notes
Turn   | Place    | Note
-------+----------+-------------------------------------------
     0 | D:1      | Lavandula the Deep Dwarf Hunter began the quest for the Orb.
     0 | D:1      | Reached XP level 1. HP: 19/19 MP: 1/1
   229 | D:2      | Noticed Robin
   369 | D:1      | Reached XP level 2. HP: 26/26 MP: 2/2
   389 | D:1      | Reached skill level 5 in Crossbows
   515 | D:2      | Reached XP level 3. HP: 29/32 MP: 3/3
   741 | D:2      | Noticed Natasha
   747 | D:2      | Killed Natasha
   747 | D:2      | Reached XP level 4. HP: 34/39 MP: 4/4
   879 | D:3      | Reached XP level 5. HP: 35/45 MP: 5/5
   928 | D:3      | Noticed Fv001's ghost (amateur GrFi)
  1355 | D:5      | Entered Level 5 of the Dungeon
  1363 | D:5      | Got a shimmering ring mail
  1386 | D:4      | Identified the cursed +1 ring mail of Winter {MP+9 Str+5 SInv} (You found it on level 5 of the Dungeon)
  1710 | D:5      | Reached XP level 6. HP: 38/52 MP: 6/6
  1937 | D:4      | Found an opulent altar of Gozag.
  2029 | D:5      | Reached skill level 1 in Axes
  2029 | D:5      | Reached XP level 7. HP: 43/58 MP: 6/6
  2111 | D:5      | Found a shadowy altar of Dithmenos.
  2117 | D:5      | Found a staircase to the Ecumenical Temple.
  2126 | Temple   | Entered the Ecumenical Temple
  2131 | Temple   | Became a worshipper of Makhleb the Destroyer
  2340 | D:1      | Reached skill level 2 in Axes
  2702 | D:2      | Killed Robin
  2764 | D:2      | Found a sparkling altar of Nemelex Xobeh.
  2822 | D:2      | Noticed Natasha
  2829 | D:2      | Killed Natasha
  2941 | D:2      | Noticed Natasha
  2959 | D:2      | Killed Natasha
  2959 | D:2      | Reached skill level 3 in Axes
  3404 | D:5      | Found a glowing silver altar of Zin.
  3683 | D:5      | Reached skill level 4 in Axes
  3804 | D:6      | Found a glowing drain.
  3820 | Sewer    | Entered a sewer
  3887 | Sewer    | Reached * piety under Makhleb
  3939 | Sewer    | Reached skill level 5 in Axes
  4143 | D:6      | Noticed Blork the orc
  4236 | D:6      | Noticed Sigmund
  4392 | D:7      | Reached XP level 8. HP: 50/66 MP: 7/7
  4434 | D:7      | Reached skill level 7 in Axes
  4444 | D:7      | Noticed a two-headed ogre
  4508 | D:7      | Reached skill level 8 in Axes
  4510 | D:7      | Noticed Duvessa
  4510 | D:7      | Noticed Dowan
  4526 | D:7      | Killed Duvessa
  4536 | D:7      | Killed Dowan
  4637 | D:7      | Reached skill level 9 in Axes
  4644 | D:7      | Got a steaming copper ring
  4715 | D:7      | Gained mutation: You passively map the area around you. [Deep Dwarf growth]
  4715 | D:7      | Reached XP level 9. HP: 31/73 MP: 8/8
  4755 | D:7      | Reached skill level 10 in Axes
  4974 | D:7      | Got a heavily runed emerald amulet
  4987 | D:7      | Got a glittering marble ring
  4994 | D:7      | Got a coiled steel ring
  5006 | D:7      | Identified the ring "Opras" {+Fly rPois MR- AC+3 SInv Stlth+} (You found it on level 7 of the Dungeon)
  5008 | D:7      | Identified the amulet of Sloth {Gourm Str+2} (You found it on level 7 of the Dungeon)
  5011 | D:7      | Identified the ring "Yvviv" {Ice *Drain rElec rN++ Slay-3} (You found it on level 7 of the Dungeon)
  5013 | D:7      | Identified the ring of Eternal Harmony {rN+++ Str+3 Int+6 SInv} (You found it on level 7 of the Dungeon)
  5063 | D:8      | Noticed Prince Ribbit
  5074 | D:8      | Found a flagged portal.
  5080 | D:8      | Got a twisted hand axe
  5083 | D:8      | Identified the cursed +1 hand axe of Moderation {speed, Fragile rElec rPois Stlth+} (You found it on level 8 of the Dungeon)
  5087 | Bailey   | Entered a bailey
  5125 | Bailey   | Reached ** piety under Makhleb
  5262 | Bailey   | Found a burning altar of Makhleb.
  5516 | D:8      | Noticed Joseph
  5661 | D:8      | Killed Prince Ribbit
  5704 | D:8      | Reached skill level 1 in Invocations
  6008 | D:8      | Reached *** piety under Makhleb
  6017 | D:8      | Reached skill level 5 in Invocations
  6682 | D:9      | Noticed a two-headed ogre
  6687 | D:9      | Killed a two-headed ogre
  6687 | D:9      | Reached XP level 10. HP: 87/87 MP: 12/12
  6693 | D:9      | Found a blossoming altar of Fedhas.
  6790 | D:9      | Noticed Pikel
  6915 | D:9      | Killed Pikel
  7022 | D:9      | Reached skill level 1 in Armour
  7079 | D:9      | Noticed Gastronok
  7092 | D:9      | Found a deep blue altar of Sif Muna.
  7179 | D:9      | Noticed dricus's ghost (novice TrMo)
  7463 | D:9      | Reached skill level 11 in Axes
  7565 | D:10     | Entered Level 10 of the Dungeon
  7702 | D:10     | Noticed a two-headed ogre
  7848 | D:10     | Reached **** piety under Makhleb
  7899 | D:10     | Reached skill level 12 in Axes
  7986 | D:10     | Found a staircase to the Orcish Mines.
  8103 | D:10     | Reached ***** piety under Makhleb
  8439 | D:11     | Reached XP level 11. HP: 72/93 MP: 13/13
  8481 | D:11     | Noticed a cyan ugly thing
  8582 | D:11     | Reached skill level 13 in Axes
  8585 | D:11     | Noticed Nergalle
  8682 | D:11     | Noticed a spectral orc warlord
  8684 | D:11     | Killed Nergalle
  8708 | D:11     | Found a staircase to the Lair.
  8728 | D:11     | Noticed a brown ugly thing
  8788 | D:11     | Killed a brown ugly thing
  8842 | D:11     | Gained mutation: You are agile. (Dex +2) [mutagenic meat]
  8843 | D:11     | Gained mutation: You are frail. (-10% HP) [mutagenic meat]
  8844 | D:11     | Gained mutation: You have a pair of small antennae on your head. [mutagenic meat]
  8899 | D:11     | Noticed a deep elf mage
  8905 | D:11     | Noticed a two-headed ogre
  9012 | D:10     | Killed a two-headed ogre
  9012 | D:10     | Reached skill level 14 in Axes
  9536 | D:3      | Killed Fv001's ghost
  9561 | D:3      | Found a radiant altar of Vehumet.
 10030 | D:5      | Killed Sigmund
 10047 | D:5      | Reached skill level 5 in Dodging
 10205 | D:6      | Killed Blork the orc
 10380 | D:6      | Reached skill level 5 in Fighting
 10597 | D:7      | Gained mutation: You tend to lose your temper in combat. [mutagenic meat]
 10648 | D:7      | Reached skill level 1 in Throwing
 10951 | D:8      | Killed Joseph
 11073 | D:11     | Killed a deep elf mage
 11114 | D:11     | Killed a cyan ugly thing
 11187 | D:11     | Reached skill level 5 in Throwing
 11313 | D:11     | Gained mutation: You have very sharp teeth. [mutagenic meat]
 11314 | D:11     | Gained mutation: You are very agile. (Dex +4) [mutagenic meat]
 11315 | D:11     | Gained mutation: Your system is resistant to poisons. (rPois) [mutagenic meat]
 11316 | D:11     | Lost mutation: You tend to lose your temper in combat. [mutagenic meat]
 11317 | D:11     | Gained mutation: Your body sometimes deteriorates upon taking damage. [mutagenic meat]
 11412 | D:11     | Reached ****** piety under Makhleb
 11416 | D:11     | Reached XP level 12. HP: 92/92 MP: 14/14
 11831 | D:11     | Reached skill level 5 in Armour
 12378 | D:12     | Found a portal to a secret trove of treasure.
 12430 | D:12     | Noticed a two-headed ogre
 12470 | D:11     | Gained mutation: Your mind is acute. (Int +2) [mutagenic meat]
 12482 | D:12     | Noticed a two-headed ogre
 12494 | D:12     | Killed a two-headed ogre
 12662 | D:12     | You fall through a shaft!
 12662 | D:13     | Noticed a catoblepas
 12695 | D:13     | Killed a catoblepas
 12750 | D:13     | Found Ruetruag's Distillery.
 12771 | D:13     | Bought a potion of degeneration for 13 gold pieces
 12771 | D:13     | Bought a potion of brilliance for 52 gold pieces
 12771 | D:13     | Bought a potion of heal wounds for 65 gold pieces
 12974 | D:13     | Reached skill level 10 in Armour
 13132 | D:13     | Found a gate to the Vaults.
 13132 | D:13     | Noticed a vault guard
 13132 | D:13     | Noticed a vault guard
 13192 | D:13     | Killed a vault guard
 13259 | D:13     | Killed a vault guard
 13259 | D:13     | Reached XP level 13. HP: 99/99 MP: 15/15
 13314 | D:13     | Got a translucent helmet
 13499 | D:13     | Gained mutation: You occasionally shout uncontrollably at your foes. [mutagenic meat]
 14433 | D:14     | HP: 4/106 [meliai/divine providence (14)]
 14441 | D:14     | Killed from afar by a meliai

Skill      XL: |  1  2  3  4  5  6  7  8  9 10 11 12 13 |
---------------+----------------------------------------+-----
Crossbows      | 5 6 7 8 9 |  9.2
Axes           | 1 5 9 10 12 14 | 14.3
Evocations     | 6 |  6.1
Invocations    | 5 |  5.1
Fighting       | 4 5 8 |  8.6
Dodging        | 4 5 9 |  9.4
Armour         | 4 10 | 10.0
Throwing       | 5 |  5.0
Stealth        | |  1.2

Action                   |  1- 3 |  4- 6 |  7- 9 | 10-12 | 13-15 || total
-------------------------+-------+-------+-------+-------+-------++-------
Melee: Short sword       |    19 |    20 |       |       |       ||    39
       Hand axe          |       |    36 |   661 |  1572 |   304 ||  2573
       War axe           |       |       |       |   120 |       ||   120
       Bite              |       |       |       |   145 |    71 ||   216
 Fire: Hand crossbow     |    52 |   114 |    14 |       |       ||   180
Throw: Javelin           |       |     6 |     7 |       |       ||    13
       Tomahawk          |       |       |    17 |    41 |       ||    58
Invok: Lesser Servant of |       |       |       |     1 |       ||     1
 Abil: Heal Wounds       |     1 |     1 |     8 |     2 |       ||    12
Evoke: Wand              |       |       |    11 |    21 |       ||    32
  Use: Scroll            |       |     7 |    10 |    11 |       ||    28
       Potion            |       |       |     2 |     5 |     4 ||    11
 Stab: Sleeping          |     3 |     1 |     4 |     1 |     2 ||    11
       Petrified         |       |       |       |     5 |     3 ||     8
       Petrifying        |       |       |       |     1 |       ||     1
  Eat: Chunk             |       |     3 |    11 |    37 |     7 ||    58
       Meat ration       |       |     1 |     2 |       |       ||     3
       Bread ration      |       |       |     3 |     3 |       ||     6
       Fruit             |       |       |       |     1 |       ||     1
Armor: Leather armour    |     9 |     6 |       |       |       ||    15
       Ring mail         |       |    16 |   185 |   371 |    62 ||   634
       Plate armour      |       |       |     5 |       |       ||     5
Dodge: Dodged            |    22 |    72 |   323 |   783 |   156 ||  1356
Block: Other             |       |     7 |   103 |   174 |    30 ||   314
       Reflection        |       |       |    15 |     4 |       ||    19
